 Dungeon Crawl Stone Soup version 0.29.0-4-gdea44cf6ec (webtiles) character file.

Game seed: 8988542044680434525

5537 Armakuni the Frost Mage (level 11, -4/79 HPs)
             Began as a Human Artificer on Aug 27, 2022.
             Was an Initiate of Gozag.
             Slain by a hornet (6 damage)
             ... while paralysed by a hornet
             ... on level 9 of the Dungeon.
             The game lasted 00:34:16 (12959 turns).

Armakuni the Frost Mage (Human Artificer)          Turns: 12959, Time: 00:34:17

Health: -4/79      AC:  5    Str: 15    XL:     11   Next: 1%
Magic:  20/20      EV:  2    Int: 14    God:    Gozag
Gold:   161        SH:  0    Dex: 16    Spells: 10/10 levels left

rFire   . . .      SeeInvis .   b - staff of cold
rCold   + . .      Faith    .   (no shield)
rNeg    . . .      Spirit   .   x - +0 troll leather armour
rPois   .          Reflect  .   r - +1 helmet
rElec   .          Harm     .   l - +0 cloak {rCorr}
rCorr   +          Rampage  .   u - +0 pair of gloves {Dex+3}
Will    .....                   c - +0 pair of boots {Fly}
Stlth   ++........              A - amulet of the acrobat
HPRegen 1.03/turn               W - ring of wizardry
MPRegen 0.17/turn               P - ring of magical power

@: paralysed, lethally poisoned (-4 -> -6), corroded, gold aura, flying, slowed
A: no striking features
a: Renounce Religion, Potion Petition, Call Merchant, Bribe Branch


You were on level 9 of the Dungeon.
You worshipped Gozag.
Gozag was aware of your devotion.
You visited 2 branches of the dungeon, and saw 10 of its levels.
You also visited: Bailey.

You collected 1372 gold pieces.
You spent 681 gold pieces at shops.
You paid 530 gold pieces to Gozag.

Inventory:

Hand Weapons
 a - the +7 staff of the Meek {protect, meekguard}
   (You found it on level 8 of the Dungeon)

   It grants its wielder temporary protection when it strikes (+7 to AC).
   It provides extra protection to wielders with little health.
Missiles
 m - 23 boomerangs
 n - 5 javelins
 C - a throwing net
Armour
 c - a +0 pair of boots of flying (worn)
 j - the +7 chain mail of Pioxarob {rPois}
   (You found it on level 9 of the Dungeon)

   rPois:     It protects you from poison.
 l - a +0 cloak of preservation (worn)
 p - an orb of wrath
 r - a +1 helmet (worn)
 u - a +0 pair of gloves of dexterity (worn)
 x - a +0 troll leather armour (worn)
Magical Staves
 b - a staff of cold (weapon)
 y - a staff of fire
Jewellery
 d - a +4 ring of evasion
 A - an amulet of the acrobat (around neck)
 J - a ring of flight
 N - a ring of positive energy
 P - a ring of magical power (right hand)
 W - a ring of wizardry (left hand)
Wands
 k - a wand of digging (5)
Scrolls
 e - 3 scrolls of teleportation
 o - a scroll of blinking
 E - a scroll of magic mapping
 F - a scroll of fog
 I - a scroll of noise
Potions
 f - a potion of cancellation
 g - a potion of heal wounds
 h - 2 potions of magic
 i - a potion of haste
 q - 2 potions of curing
 t - 2 potions of ambrosia
 w - 6 potions of flight
 B - a potion of mutation
 G - a potion of might {unknown}
 H - a potion of brilliance {unknown}


   Skills:
 - Level 5.0 Fighting
 - Level 2.0(3.7) Maces & Flails
 + Level 5.0(5.2) Staves
 - Level 2.0 Armour
 - Level 1.0 Dodging
 - Level 1.0 Stealth
 - Level 10.0 Ice Magic
 - Level 10.0 Evocations


You had 10 spell levels left.
You didn't know any spells.
Your spell library contained the following spells:

 Spells                   Type           Power      Damage    Failure   Level
 Magic Dart               Conj           0%         1d3       14%         1
 Call Imp                 Summ           0%         N/A       21%         2
 Conjure Flame            Conj/Fire      0%         6-21      38%         3
 Gell's Gravitas          Tloc           0%         N/A       38%         3
 Ignite Poison            Fire/Tmut/Pois 0%         N/A       38%         3
 Lesser Beckoning         Tloc           0%         N/A       38%         3
 Mephitic Cloud           Conj/Pois/Air  0%         N/A       38%         3
 Teleport Other           Tloc           0%         N/A       38%         3
 Dispel Undead            Necr           0%         3d6       77%         4
 Sticky Flame             Conj/Fire      0%         2d3       77%         4
 Death Channel            Necr           0%         N/A       100%        6
 Corpse Rot               Necr/Pois/Air  Unusable   N/A       N/A         4

Dungeon Overview and Level Annotations

Branches:
Dungeon (9/15)             Temple (1/1) D:4          Bailey (visited)
   Lair: D:8-11         Orc: D:9-12

Altars:
Cheibriados
Dithmenos
Elyvilon
Fedhas
Gozag
Hepliaklqana
Kikubaaqudgha
Makhleb
Nemelex Xobeh
Okawaru
Qazlal
Ru
Sif Muna
Trog
Uskayaw
Wu Jian
Xom
Yredelemnul
Zin
The Shining One

Shops:
D:8 [!


Message History

Okay, then.
Unknown command.
The hornet misses you.
You hit the hornet but do no damage. You freeze the hornet.
The hornet is lightly wounded.
The hornet stings you but does no damage.
You barely miss the hornet.
The hornet is lightly wounded.
The hornet stings you.
You feel yourself slow down. The hornet stings you.
You feel as though you will be slow longer.
You hit the hornet but do no damage. You freeze the hornet!
The hornet is moderately wounded.
The hornet stings you!
You feel as though you will be slow longer.
The hornet stings you!
You feel as though you will be slow longer.
You hit the hornet but do no damage. You freeze the hornet.
The hornet is heavily wounded.
The hornet closely misses you. The hornet barely misses you.
You barely miss the hornet.
The hornet is heavily wounded.
The hornet stings you!
You feel as though you will be slow longer.
The hornet misses you.
You miss the hornet.
The hornet is heavily wounded.
The hornet stings you but does no damage.
The hornet barely misses you.
You closely miss the hornet.
The hornet is heavily wounded.
The hornet stings you!
* * * LOW HITPOINT WARNING * * *
You are poisoned.
You suddenly lose the ability to move!
The hornet stings you!
* * * LOW HITPOINT WARNING * * *
You feel as though you will be slow longer.
* * * LOW HITPOINT WARNING * * *
You feel sick. The hornet stings you.
You die...
Your body crumbles into a pile of gold.

#...............'......#....'....
#...#..#..###'###......######..)<
###########.....................)
#..................#'##
#..................#...
#..................+...
#...)..............####
#####....###+##.... #.@..# #....
+.y..+ +.... #....# .....#
......# .......# ........#
..#+######


You could see a hornet.

Vanquished Creatures
  Pikel (D:7)
  Joseph (D:8)
  3 hornets
  Sigmund (D:6)
  4 yaks (D:7)
  Edmund (D:5)
  An acid dragon (D:9)
  2 water moccasins
  8 orc warriors
  A black bear (D:8)
  A sky beast (D:5)
  3 ogres (D:6)
  2 lemures (D:7)
  A centaur (D:8)
  2 kobold brigands
  2 bullfrogs
  3 scorpions
  6 killer bees (D:8)
  2 howler monkeys (D:8)
  3 hounds
  Crazy Yiuf (D:2)
  6 orc priests
  A jelly (D:6)
  3 iguanas
  2 orc wizards (D:3)
  13 gnolls
  8 adders
  A white imp (D:5)
  A worm (D:2)
  4 dart slugs
  41 orcs
  10 ball pythons
  8 endoplasms
  3 giant cockroaches
  5 goblins
  8 hobgoblins
  3 jackals (D:1)
  6 quokkas
  4 bats
  A frilled lizard (D:1)
  27 kobolds
  7 rats
211 creatures vanquished.

Vanquished Creatures (collateral kills)
  A lemure (D:7)
  A necrophage (D:6)
  2 jellies
  2 gnoll boudas (D:7)
  3 gnolls (D:7)
  An orc (D:7)
10 creatures vanquished.

Vanquished Creatures (others)
  2 yaks (D:7)
  2 fungi (D:2)
4 creatures vanquished.

Grand Total: 225 creatures vanquished

Notes
Turn   | Place    | Note
-------+----------+-------------------------------------------
     0 | D:1      | Armakuni the Human Artificer began the quest for the Orb.
     0 | D:1      | Reached XP level 1. HP: 15/15 MP: 1/1
   585 | D:1      | Reached XP level 2. HP: 21/21 MP: 2/2
   631 | D:1      | Reached skill level 1 in Maces & Flails
  1240 | D:1      | Reached XP level 3. HP: 16/27 MP: 3/3
  2284 | D:2      | Reached XP level 4. HP: 31/34 MP: 4/4
  2690 | D:2      | Identified the +1 hammer of Qobaiq {vamp, Str+6}
  2728 | D:2      | Found a runed translucent door.
  2729 | D:2      | Noticed Crazy Yiuf
  2936 | D:3      | Reached skill level 1 in Ice Magic
  3080 | D:3      | Reached XP level 5. HP: 39/39 MP: 5/5
  3111 | D:3      | Found a faded altar of an unknown god.
  3123 | D:3      | Found a glowing silver altar of Zin.
  3478 | D:3      | Found a blossoming altar of Fedhas.
  3478 | D:3      | Found a hazy altar of Hepliaklqana.
  3851 | D:4      | Reached XP level 6. HP: 42/46 MP: 6/6
  4821 | D:4      | Found a staircase to the Ecumenical Temple.
  4833 | Temple   | Entered the Ecumenical Temple
  4977 | Temple   | Became a worshipper of Gozag Ym Sagoz the Greedy
  5177 | D:4      | Found a stormy altar of Qazlal.
  5233 | D:5      | Entered Level 5 of the Dungeon
  5250 | D:5      | Reached XP level 7. HP: 35/51 MP: 7/7
  5929 | D:5      | Noticed Edmund
  5940 | D:5      | Killed Edmund
  5941 | D:5      | Reached skill level 5 in Ice Magic
  5941 | D:5      | Reached skill level 5 in Evocations
  5941 | D:5      | Reached skill level 1 in Staves
  5990 | D:5      | Identified the +5 dagger of Naont {vorpal, Will++ Str+3
                  | Dex-3}
  6573 | D:6      | Noticed Sigmund
  6581 | D:6      | Killed Sigmund
  6582 | D:6      | Reached XP level 8. HP: 50/60 MP: 8/8
  7072 | D:6      | Reached skill level 5 in Fighting
  7632 | D:6      | Reached XP level 9. HP: 68/68 MP: 9/9
  8708 | D:2      | Killed Crazy Yiuf
  9624 | D:7      | Noticed Pikel
  9653 | D:7      | Killed Pikel
  9654 | D:7      | Reached skill level 10 in Ice Magic
  9654 | D:7      | Reached XP level 10. HP: 21/74 MP: 10/10
 10530 | D:8      | Found a flagged portal.
 10541 | D:8      | Identified the +5 hand axe of Qazum {vorpal, Str+3}
 10544 | Bailey   | Entered a bailey
 10828 | Bailey   | Noticed an orc knight
 11145 | D:8      | Found Seedde's Distillery.
 11153 | D:8      | Bought a potion of heal wounds for 70 gold pieces
 11155 | D:8      | Bought a +0 troll leather armour for 225 gold pieces
 11170 | D:8      | Bought a +0 cloak of preservation for 172 gold pieces
 11213 | D:8      | Found a sacrificial altar of Ru.
 11786 | D:8      | Noticed Joseph
 11840 | D:8      | Killed Joseph
 12242 | D:8      | Bought a potion of lignification for 42 gold pieces
 12243 | D:8      | Bought a +0 pair of gloves of dexterity for 172 gold pieces
 12515 | D:8      | Found the +7 staff of the Meek {protect, meekguard}
 12575 | D:9      | Paralysed by a hornet for 3 turns
 12725 | D:9      | Reached skill level 10 in Evocations
 12857 | D:9      | Identified the +7 chain mail of Pioxarob {rPois}
 12951 | D:9      | Reached skill level 5 in Staves
 12951 | D:9      | Reached XP level 11. HP: 57/79 MP: 11/11
 12958 | D:9      | Paralysed by a hornet for 2 turns
 12958 | D:9      | HP: 3/79 [hornet (15)]
 12959 | D:9      | Slain by a hornet

Illustrated notes

Levels and vault maps discovered:
D:1:      ncdulo_lavacross, layout_basic
D:2:      layout_loops_ring, uniq_crazy_yiuf_cottage
D:3:      layout_basic, nicolae_overflow_hidden_temple,
          gammafunk_temple_overflow_elements, basic_ecumenical_altar,
          st_stairs_8
D:4:      layout_basic, general_overflow_altar,
          minmay_temple_entry_proselytizer, kennysheep_generic_room_14
D:5:      layout_cave_pods, uniq_edmund
D:6:      layout_rooms, uniq_sigmund
D:7:      layout_cave_pools, uniq_pikel
D:8:      layout_loops_ring, mainiacjoe_overflow_cross_hatched, enter_bailey_2,
          nicolae_stop_n_shop_2, roderic_roman_lattice, nicolae_zen_rock_garden,
          pf_guarded_unrand_meek, uniq_joseph
D:9:      layout_gridville, ashenzari_conservatory_becter, grunt_tough_drop
Temple:   nicolae_temple_superstar

Skill      XL: |  1  2  3  4  5  6  7  8  9 10 |
---------------+-------------------------------+-----
Maces & Flails | 1 2 |  2.0
Fighting       | 2 3 5 |  5.0
Ice Magic      | 2 3 4 5 10 | 10.0
Evocations     | 4 5 10 | 10.0
Staves         | 2 4 5 |  5.0
Armour         | |  2.0
Dodging        | |  1.0
Stealth        | |  1.0

Action                   |  1- 3 |  4- 6 |  7- 9 | 10-12 || total
-------------------------+-------+-------+-------+-------++-------
Melee: Club              |   123 |       |       |       ||   123
       Staff             |     2 |     8 |    98 |    14 ||   122
       Mace              |       |   200 |    52 |       ||   252
       Punch             |       |     1 |     2 |       ||     3
       Flail             |       |       |    80 |       ||    80
       Quarterstaff      |       |       |    59 |   240 ||   299
Invok: Call Merchant     |       |       |       |     1 ||     1
Evoke: Wand              |     6 |     5 |    22 |     7 ||    40
  Use: Scroll            |       |     7 |    11 |    11 ||    29
       Potion            |       |     1 |     3 |     7 ||    11
 Stab: Sleeping          |     1 |     1 |     1 |     2 ||     5
       Distracted        |       |       |     1 |       ||     1
       Confused          |       |       |     1 |       ||     1
       Invisible         |       |       |       |     1 ||     1
Armor: Leather armour    |    45 |    69 |    91 |    13 ||   218
       Skin              |       |    33 |    23 |    16 ||    72
       Troll leather arm |       |       |       |    73 ||    73
Dodge: Dodged            |    80 |   118 |   194 |   189 ||   581
